 Dungeon Crawl Stone Soup version 0.30.1-11-g7821555f0a (webtiles) character file.

Game seed: 11721645764620381669

294 Dordric the Chopper (level 6, -2/51 HPs)
             Began as a Hill Orc Fighter on Oct 30, 2023.
             Was an Initiate of Beogh.
             Slain by Edmund
             ... wielding a +3 dire flail of protection
              (11 damage)
             ... on level 4 of the Dungeon.
             The game lasted 00:02:21 (2691 turns).

Dordric the Chopper (Hill Orc Fighter)              Turns: 2691, Time: 00:02:21

Health: -2/51      AC:  8    Str: 23    XL:     6   Next: 34%
Magic:  10/10      EV: 14    Int:  8    God:    Beogh [......]
Gold:   196        SH:  9    Dex: 10    Spells: 5/5 levels left

rFire   . . .        t - +3 hand axe
rCold   . . .        c - +0 buckler
rNeg    . . .        b - +0 scale mail
rPois   .            p - +2 hat
rElec   .            (no cloak)
rCorr   .            (no gloves)
SInv    .            (no boots)
Will    +....        i - amulet of reflection
Stlth   +            k - ring "Ywystit" {Will+ EV+5 Str+2 Stlth+}
HPRegen 0.28/turn    (no ring)
MPRegen 0.12/turn

%: reflection
@: no status effects
A: no striking features
a: Renounce Religion


You were on level 4 of the Dungeon.
You worshipped Beogh.
Beogh was noncommittal.
You visited 1 branch of the dungeon, and saw 4 of its levels.

You collected 196 gold pieces.

Inventory:

Hand Weapons
 a - a +0 war axe
 t - a +3 hand axe (weapon)
Armour
 b - a +0 scale mail (worn)
 c - a +0 buckler (worn)
 p - a +2 hat (worn)
Jewellery
 i - an amulet of reflection (around neck)
 k - the ring "Ywystit" (left hand) {Will+ EV+5 Str+2 Stlth+}
   (You found it on level 2 of the Dungeon)

   [ring of evasion]

   EV:        It affects your evasion (+5).
   Str:       It affects your strength (+2).
   Will:      It increases your willpower.
   Stlth:     It makes you more stealthy.
 u - a +5 ring of evasion
Wands
 n - a wand of roots (7)
Scrolls
 f - a scroll of brand weapon {unknown}
 g - 3 scrolls of enchant weapon {unknown}
 j - 4 scrolls of teleportation {unknown}
 l - a scroll of torment {unknown}
 m - 2 scrolls of amnesia {unknown}
 o - 2 scrolls of vulnerability {unknown}
 q - a scroll of identify {unknown}
 r - 2 scrolls of magic mapping {unknown}
 v - a scroll of fear {unknown}
Potions
 d - 2 potions of might
 e - 2 potions of curing {unknown}
 h - a potion of brilliance {unknown}
 s - a potion of heal wounds {unknown}
 w - a potion of flight {unknown}
 x - a potion of attraction {unknown}
 z - a potion of haste {unknown}
 A - a potion of resistance {unknown}


   Skills:
 - Level 3.6 Fighting
 + Level 6.3 Axes
 - Level 3.2 Armour
 - Level 3.2 Shields
 + Level 5.5 Invocations


You had 5 spell levels left.
You didn't know any spells.
Your spell library contained the following spells:

 Spells                   Type           Power      Damage    Failure   Level
 Slow                     Hex            0%         N/A       78%         1
 Anguish                  Hex/Necr       0%         N/A       100%        4
 Cause Fear               Hex            0%         N/A       100%        4
 Enfeeble                 Hex            0%         N/A       100%        7


Dungeon Overview and Level Annotations

Branches:
Dungeon (4/15)             Temple (0/1) D:4

Altars:
Kikubaaqudgha
Okawaru
Sif Muna
Trog

Portals:
Abyss: D:3

Annotations:
D:3 2 transporters, cono6783's ghost, weakling DsBe
D:4 Edmund


Message History

You block Edmund's attack. The gnoll barely misses you.
You hit Edmund but do no damage.
Edmund is lightly wounded.
You block Edmund's attack. You block the gnoll's attack.
There are monsters nearby!
There are monsters nearby!
You hit Edmund.
Edmund is moderately wounded.
You block Edmund's attack. The gnoll misses you.
You barely miss Edmund.
Edmund is moderately wounded.
You block Edmund's attack. The gnoll hits you but does no damage.
You completely miss Edmund.
Edmund is moderately wounded.
You block Edmund's attack. The gnoll hits you but does no damage.
Edmund closely misses you. The gnoll hits you but does no damage.
You hit Edmund but do no damage.
Edmund is moderately wounded.
Edmund says, "Everyone always remembers my brother. 'Who's Edmund?' they ask!"
Edmund hits you with a +3 dire flail of protection!
You block the gnoll's attack.
You hit Edmund but do no damage.
Edmund is moderately wounded.
Edmund completely misses you. You block the gnoll's attack.
A gnoll sergeant comes into view.
It is wielding a +0 spear and wearing a +1 kite shield of protection.
You barely miss Edmund.
Edmund is moderately wounded.
Edmund hits you with a +3 dire flail of protection!
The gnoll hits you from afar with a +0 spear.
You barely miss Edmund.
Edmund is moderately wounded.
Edmund misses you. The gnoll misses you. Edmund attacks as you move away!
Edmund barely misses you. Edmund attacks as you move away!
Edmund hits you with a +3 dire flail of protection!
* * * LOW HITPOINT WARNING * * *
Edmund attacks as you move away! Edmund closely misses you.
Edmund attacks as you move away!
Edmund hits you with a +3 dire flail of protection!
You die...

##########
#####.........
#..........####
#.###@@g.......
#.# #......##
#.#
#...g..#####.#
#.#
######....)..#
####.#
#######.#
#....# #######
#.#### #.....#
#.# #.....# #.#
#.....#


You could see Edmund, a gnoll sergeant and a gnoll.

Vanquished Creatures
  A scorpion (D:4)
  A jelly (D:4)
  A gnoll bouda (D:4)
  An orc wizard (D:4)
  6 gnolls
  An adder (D:3)
  A white imp (D:3)
  2 worms
  2 dart slugs (D:1)
  7 orcs
  6 ball pythons
  5 bats
  2 endoplasms
  2 giant cockroaches (D:4)
  8 goblins
  7 hobgoblins
  5 kobolds
  A quokka (D:2)
  4 frilled lizards
  5 rats
68 creatures vanquished.

Vanquished Creatures (others)
  A human (D:3)
  An orc (D:3)
2 creatures vanquished.

Grand Total: 70 creatures vanquished

Notes
Turn   | Place    | Note
-------+----------+-------------------------------------------
     0 | D:1      | Dordric the Hill Orc Fighter began the quest for the Orb.
     0 | D:1      | Reached XP level 1. HP: 19/19 MP: 1/1
    98 | D:1      | Reached skill level 3 in Axes
    98 | D:1      | Reached skill level 1 in Invocations
   103 | D:1      | Reached XP level 2. HP: 26/26 MP: 1/3
   382 | D:1      | Found a faded altar of an unknown god.
   424 | D:1      | Reached XP level 3. HP: 26/31 MP: 4/4
   590 | D:1      | Reached skill level 4 in Axes
   991 | D:2      | Identified the ring "Ywystit" {Will+ EV+5 Str+2 Stlth+}
  1346 | D:2      | Reached XP level 4. HP: 39/39 MP: 6/6
  1439 | D:3      | Found a transporter.
  1600 | D:3      | Became a worshipper of Beogh the Brigand
  1628 | D:3      | Found a bloodstained altar of Trog.
  1653 | D:3      | Found a shimmering blue altar of Sif Muna.
  1657 | D:3      | Got Sif Muna's Directory of Doom
  1824 | D:3      | Found an ancient bone altar of Kikubaaqudgha.
  1824 | D:3      | Noticed a human
  1829 | D:3      | Killed a human
  1914 | D:3      | Noticed cono6783's ghost (weakling DsBe)
  1917 | D:3      | Found a one-way gate to the infinite horrors of the Abyss.
  1919 | D:3      | Found a transporter.
  1964 | D:3      | Noticed an ancient zyme
  2061 | D:4      | Found an iron altar of Okawaru.
  2131 | D:4      | Reached skill level 5 in Axes
  2131 | D:4      | Reached XP level 5. HP: 39/45 MP: 6/8
  2249 | D:4      | Found a staircase to the Ecumenical Temple.
  2468 | D:4      | Reached skill level 6 in Axes
  2468 | D:4      | Reached skill level 5 in Invocations
  2468 | D:4      | Reached XP level 6. HP: 51/51 MP: 9/9
  2665 | D:4      | Noticed Edmund
  2691 | D:4      | Slain by Edmund

Illustrated notes

Levels and vault maps discovered:
D:1:      dpeg_arrival_arbitrary_c, layout_basic,
          shapermc_ecumenical_altar_ellora, minmay_hexomino_c4
D:2:      layout_loops_ring, minmay_split_cup_small
D:3:      layout_loops_ring, nzn_overflow_gifts_of_might_and_magic,
          tgw_kikubaaqudgha, gammafunk_ghost_abyssal_escape
D:4:      layout_loops_cross, okawaru_ov_weapons_minmay,
          minmay_temple_entry_purple_smoke, kennysheep_generic_room_16,
          uniq_edmund

Skill      XL: |  1  2  3  4  5 |
---------------+----------------+-----
Axes           | 3 4 5 6 |  6.3
Invocations    | 1 2 3 4 5 |  5.5
Fighting       | |  3.6
Armour         | |  3.2
Shields        | |  3.2

Action                     |  1- 3 |  4- 6 || total
---------------------------+-------+-------++-------
  Melee: War axe           |    85 |    27 ||   112
         Hand axe          |       |    93 ||    93
 Invoke: Convert to Beogh  |       |     1 ||     1
 Armour: Scale mail        |    37 |    13 ||    50
  Dodge: Dodged            |    43 |    50 ||    93
  Block: Buckler           |    27 |    51 ||    78
         Reflection        |     2 |     1 ||     3
